 Dungeon Crawl Stone Soup version 0.30-a0-918-g0ff054e9dc (webtiles) character file.

Game seed: 6147901602451688431

56 porpoise the Shooter (level 3, 0/28 HPs)
             Began as a Demonspawn Wanderer on Mar 21, 2023.
             Slain by a gnoll
             ... wielding a +0 club
              (3 damage)
             ... on level 2 of the Dungeon.
             The game lasted 00:05:11 (674 turns).

porpoise the Shooter (Demonspawn Wanderer)           Turns: 674, Time: 00:05:11

Health: 0/28       AC:  4    Str:  8 (9)  XL:     3   Next: 71%
Magic:  3/3        EV: 11    Int:  9 (11) God:
Gold:   39         SH:  4    Dex: 18 (19) Spells: 2/2 levels left

rFire   . . .      SeeInvis .    a - +2 sling
rCold   . . .      Faith    .    (no shield)
rNeg    . . .      Spirit   .    e - +0 robe
rPois   .          Reflect  .    c - +0 helmet
rElec   .          Rampage  .    (no cloak)
rCorr   .                        g - +0 pair of gloves
Will    .....                    (no boots)
Stlth   ++                       (no amulet)
HPRegen 0.24/turn                (no ring)
MPRegen 0.08/turn                (no ring)

@: no status effects
A: condensation shield
a: no special abilities


You were on level 2 of the Dungeon.
You visited 1 branch of the dungeon, and saw 2 of its levels.

You collected 39 gold pieces.

Inventory:

Hand Weapons
 a - a +2 sling (weapon)
 b - a +0 short sword
Armour
 c - a +0 helmet (worn)
 e - a +0 robe (worn)
 g - a +0 pair of gloves (worn)
Scrolls
 d - a scroll of fog
 h - a scroll of teleportation {unknown}
 i - a scroll of identify {unknown}
 j - a scroll of enchant weapon {unknown}
Potions
 f - a potion of degeneration


   Skills:
 + Level 2.4 Fighting
 - Level 1.2 Short Blades
 + Level 5.0 Ranged Weapons
 - Level 0.1 Dodging
 - Level 2.9 Stealth


You had 2 spell levels left.
You didn't know any spells.
Your spell library was empty.

Dungeon Overview and Level Annotations

Branches:
Dungeon (2/15)

Altars:


Innate Abilities, Weirdness & Mutations

A meltable shield of frost defends you. (SH +4)


Message History

You kill the rat!
The gnoll closely misses you.
You shoot a sling bullet. The sling bullet hits the adder.
The adder is heavily wounded.
The adder closely misses you. You block the gnoll's attack.
The adder bites you but does no damage.
You shoot a sling bullet. The sling bullet hits the adder.
You kill the adder!
The gnoll hits you from afar with a +0 spear.
Your Ranged Weapons skill increases to level 5!
You shoot a sling bullet.
The sling bullet barely misses the gnoll.
The sling bullet closely misses the gnoll.
The gnoll closely misses you. The gnoll hits you but does no damage.
The gnoll hits you from afar with a +0 spear.
You are too injured to fight recklessly!
You are too injured to fight recklessly!
You are too injured to fight recklessly!
You are too injured to fight recklessly!
You are too injured to fight recklessly!
You are too injured to fight recklessly!
You are too injured to fight recklessly!
Fire: a) +2 sling
Press: ? - help, Q - select action Shift-Dir - straight line, f/p - gnoll
Aim: a gnoll, wielding a +0 club (68% to hit)
You shoot a sling bullet.
The sling bullet hits the gnoll but does no damage.
The gnoll hits you with a +0 club.
The gnoll hits you from afar with a +0 spear.
* * * LOW HITPOINT WARNING * * *
It was a potion of degeneration.
There was something very wrong with that liquid.
You feel weakened.
You feel dopey.
You feel clumsy.
The gnoll hits you from afar with a +0 spear.
* * * LOW HITPOINT WARNING * * *
The gnoll attacks as you move away! The gnoll barely misses you.
The gnoll attacks as you move away! The gnoll hits you with a +0 club.
* * * LOW HITPOINT WARNING * * *
The gnoll attacks as you move away! The gnoll hits you with a +0 club.
You die...

... ####### .### .... ......#
..##.... ....#.###### ......# ..
.)..#.†....#########..... ......
........................# .......
.......#####....##.#.##.##...†...
.....#....<.....@gg...#.......)..
.....#############.#.........>..
####.. #.#.#..###... ##.#
.#.#.#..###.####. ..
.............!.!. ###
.###..#..##.####. #.....# ..#
#.###.# #.# #..# #.. .#


You could see 2 gnolls.

Vanquished Creatures
  A gnoll (D:2)
  3 adders (D:2)
  A dart slug (D:1)
  2 endoplasms (D:1)
  A giant cockroach (D:1)
  3 goblins
  3 hobgoblins (D:1)
  3 bats
  2 rats
19 creatures vanquished.

Notes
Turn   | Place    | Note
-------+----------+-------------------------------------------
     0 | D:1      | porpoise the Demonspawn Wanderer began the quest for the
                  | Orb.
     0 | D:1      | porpoise set off with the following items: a +2 sling, a +0
                  | short sword, a +0 helmet, a scroll of fog, a +0 robe.
     0 | D:1      | Reached XP level 1. HP: 15/15 MP: 1/1
   132 | D:1      | Gained mutation: A meltable shield of frost defends you.
                  | (SH +4) [demonic ancestry]
   132 | D:1      | Reached XP level 2. HP: 21/21 MP: 2/2
   626 | D:2      | Reached XP level 3. HP: 26/27 MP: 3/3
   661 | D:2      | Reached skill level 5 in Ranged Weapons
   667 | D:2      | HP: 1/28 [gnoll/+0 club (3)]
   674 | D:2      | Slain by a gnoll

Illustrated notes

Levels and vault maps discovered:
D:1:      lightli_arrival_lavapool, layout_basic
D:2:      layout_rooms

Skill      XL: |  1  2  3 |
---------------+----------+-----
Fighting       | 2 |  2.4
Ranged Weapons | 5 |  5.0
Short Blades   | |  1.2
Dodging        | |  0.1
Stealth        | |  2.9

Action                     || total
---------------------------++-------
  Melee: Short sword       ||     1
   Fire: Sling             ||    60
    Use: Potion            ||     1
   Stab: Sleeping          ||     1
 Armour: Robe              ||     8
  Dodge: Dodged            ||    13
  Block: Other             ||     5

Table legend: (Time is in decaauts)
 A = Elapsed time spent in this place.
 B = Non-inter-level travel time spent in this place.
 C = Inter-level travel time spent in this place.
 D = Time resting spent in this place.
 E = Time spent auto-exploring this place.
 F = Levels seen in this place.
 G = Mean time per level.
                   A        B        C        D        E       F      G
               +--------+--------+--------+--------+--------+-----+--------+
         Total |    679 |    677 |      2 |     52 |    488 |   2 |  339.5 |
       Dungeon |    679 |    677 |      2 |     52 |    488 |   2 |  339.5 |
               +--------+--------+--------+--------+--------+-----+--------+

Top non-repeatable levels by time:
     D:1: 524 daAuts
     D:2: 154 daAuts
